 Dungeon Crawl Stone Soup version 0.19.1-1-g22dce08 (webtiles) character file.

178 Alarkh the Chopper (level 5, 45/45 HPs)
             Began as a Draconian Monk on Jan 18, 2017.
             Was a Believer of Qazlal.
             Quit the game on level 2 of the Dungeon.
             The game lasted 00:02:10 (1930 turns).

Alarkh the Chopper (Draconian Monk)                 Turns: 1930, Time: 00:02:11

Health: 45/45      AC:  5    Str: 13    XL:     5   Next: 32%
Magic:  5/5        EV: 12    Int: 11    God:    Qazlal [**....]
Gold:   151        SH:  3    Dex: 14    Spells: 0 memorised, 4 levels left

rFire  . . .     SeeInvis .     a - +0 hand axe
rCold  . . .     Gourm    .     (armour unavailable)
rNeg   . . .     Faith    .     (no shield)
rPois  .         Spirit   .     (helmet restricted)
rElec  .         Reflect  .     (no cloak)
rCorr  .         Harm     .     (no gloves)
MR     .....                    (no boots)
Stlth  +.........               (no amulet)
                                (no ring)
                                (no ring)

@: heavily drained
A: unfitting armour, cold-blooded, AC +5
a: Upheaval, Renounce Religion


You were on level 2 of the Dungeon.
You worshipped Qazlal.
Qazlal was pleased with you.
You were not hungry.

You visited 1 branch of the dungeon, and saw 2 of its levels.

You collected 151 gold pieces.

Inventory:

Hand Weapons
 a - a +0 hand axe (weapon)
Jewellery
 n - an uncursed amulet of harm
Scrolls
 e - a scroll of identify
 f - 2 scrolls of teleportation
 l - a scroll of recharging {unknown}
 o - a scroll of blinking {unknown}
Potions
 h - a potion of lignification
 i - a potion of curing
 m - a potion of brilliance
Comestibles
 b - a bread ration
 c - 2 chunks of flesh
 d - 8 fruits
 g - 4 royal jellies
 j - 2 slices of pizza
 k - a beef jerky


   Skills:
 - Level 3.2(1.6) Fighting
 + Level 6.1(4.3) Axes
 - Level 2.6(1.0) Dodging
 - Level 1.7(0.1) Stealth


You had 4 spell levels left.
You didn't know any spells.

Dungeon Overview and Level Annotations

Branches:
Dungeon (2/15)

Altars:
Qazlal
Zin


Innate Abilities, Weirdness & Mutations

Your plain brown scales are hard. (AC +5)
You cannot fit into any form of body armour.
You are cold-blooded and may be slowed by cold attacks.


Message History

a club; a goblin skeleton
There is an open door here.
You see here 10 poisoned needles.
There is an open door here.
You open the door.
There is an open door here.
Found two faded altars of an unknown god.
Found a glowing silver altar of Zin.
Found a faded altar of an unknown god.
Found a faded altar of an unknown god.
Done exploring.
Done exploring.
There is a faded altar of an unknown god here.
You cannot tell which god this altar belongs to.
Convert to them anyway?
Qazlal accepts your prayer! Qazlal welcomes you!
You are surrounded by a storm.
You can now call upon nature to destroy your foes.
Qazlal grants you immunity to clouds.
Are you sure you want to abandon this character and quit the game? (Confirm with "yes".)

#.##.#_...##..#
#.'..#...._#..#
####.#_...##..#
#.###.######
#.###.# #..#..#
##...## ##.##
#@# ###


There were no monsters in sight!

Vanquished Creatures
  Terence (D:2)
  4 gnolls (D:2)
  4 adders (D:2)
  2 oozes (D:1)
  A worm (D:2)
  A dart slug (D:1)
  2 giant cockroaches (D:2)
  7 goblins
  2 hobgoblins (D:1)
  3 jackals (D:1)
  A quokka (D:2)
  9 bats
  5 frilled lizards (D:2)
  2 kobolds
  38 rats
82 creatures vanquished.

Notes
Turn   | Place    | Note
-------+----------+-------------------------------------------
     0 | D:1      | Alarkh the Draconian Monk began the quest for the Orb.
     0 | D:1      | Reached XP level 1. HP: 19/19 MP: 1/1
    83 | D:1      | Reached XP level 2. HP: 26/26 MP: 2/2
   355 | D:1      | Reached skill level 4 in Axes
   576 | D:1      | Reached XP level 3. HP: 31/31 MP: 3/3
   939 | D:2      | Reached skill level 5 in Axes
   939 | D:2      | Reached XP level 4. HP: 33/38 MP: 4/4
  1153 | D:2      | Noticed Terence
  1421 | D:2      | Killed Terence
  1421 | D:2      | Reached XP level 5. HP: 27/45 MP: 5/5
  1678 | D:2      | Reached skill level 6 in Axes
  1911 | D:2      | Found a faded altar of an unknown god.
  1911 | D:2      | Found a faded altar of an unknown god.
  1916 | D:2      | Found a glowing silver altar of Zin.
  1918 | D:2      | Found a faded altar of an unknown god.
  1919 | D:2      | Found a faded altar of an unknown god.
  1929 | D:2      | Became a worshipper of Qazlal Stormbringer
  1929 | D:2      | Reached * piety under Qazlal
  1929 | D:2      | Reached ** piety under Qazlal
  1930 | D:2      | Quit the game

Skill      XL: |  1  2  3  4  5 |
---------------+----------------+-----
Axes           | 4 5 6 |  6.1
Fighting       | |  3.2
Dodging        | |  2.6
Stealth        | |  1.7

Action                   |  1- 3 |  4- 6 || total
-------------------------+-------+-------++-------
Melee: Hand axe          |    93 |   161 ||   254
       Tailslap          |    11 |    15 ||    26
  Use: Scroll            |     3 |     1 ||     4
       Potion            |     2 |       ||     2
 Stab: Sleeping          |     1 |     2 ||     3
  Eat: Chunk             |       |     4 ||     4
Armor: Skin              |    33 |    57 ||    90
Dodge: Dodged            |    83 |   114 ||   197
